 Dungeon Crawl Stone Soup version 0.28.0-53-g5a82cb258f (webtiles) character file.

Game seed: 10973442257204015435

81 bnorton916 the Magician (level 4, 0/24 HPs)
             Began as a Deep Elf Fire Elementalist on Aug 1, 2022.
             Succumbed to an adder's poison
             ... on level 3 of the Dungeon.
             The game lasted 00:01:28 (2152 turns).

bnorton916 the Magician (DEFE)                      Turns: 2152, Time: 00:01:29

Health: 0/24       AC:  2    Str:  5    XL:     4   Next: 19%
Magic:  1/12       EV: 12    Int: 22    God:
Gold:   47         SH:  0    Dex: 15    Spells: 8/11 levels left

rFire   . . .      SeeInvis .   (no weapon)
rCold   . . .      Faith    .   (no shield)
rNeg    . . .      Spirit   .   a - +0 robe
rPois   .          Reflect  .   (no helmet)
rElec   .          Harm     .   (no cloak)
rCorr   .          Rampage  .   (no gloves)
Will    .....                   (no boots)
Stlth   ++........              (no amulet)
HPRegen 0.08/turn               (no ring)
MPRegen 0.13/turn               (no ring)

@: lethally poisoned (0 -> -2)
A: no striking features
a: no special abilities


You were on level 3 of the Dungeon.
You visited 1 branch of the dungeon, and saw 3 of its levels.

You collected 47 gold pieces.

Inventory:

Missiles
 b - 20 stones
Armour
 a - a +0 robe (worn)
Scrolls
 c - a scroll of fog {unknown}
 d - a scroll of enchant armour {unknown}
 e - a scroll of identify {unknown}
Potions
 f - a potion of curing {unknown}


   Skills:
 - Level 2.4 Dodging
 - Level 2.4 Stealth
 + Level 4.2 Spellcasting
 + Level 2.7 Conjurations
 + Level 4.1 Fire Magic


You had 8 spell levels left.
You knew the following spells:

 Your Spells              Type           Power      Damage    Failure   Level
a - Foxfire               Conj/Fire      76%        2x1d7     2%          1
b - Scorch                Fire           46%        2d7       3%          2

Your spell library contained the following spells:

 Spells                   Type           Power      Damage    Failure   Level
 Conjure Flame            Conj/Fire      19%        6-21      8%          3
 Inner Flame              Hex/Fire       13%        N/A       14%         3
 Flame Wave               Conj/Fire      19%        2d6       26%         4
 Animate Armour           Summ/Erth      8%         N/A       73%         4
 Blade Hands              Tmut           2%         N/A       97%         5
 Iron Shot                Conj/Erth      5%         9d2       100%        6


Dungeon Overview and Level Annotations

Branches:
Dungeon (3/15)

Altars:


Message History

Flames lash the kobold.
The kobold is burned terribly!
You kill the kobold!
You hear a shout!
The adder bites you but does no damage.
A kobold comes into view. It is wielding a +0 whip.
The adder barely misses you. The adder bites you but does no damage.
The adder bites you.
Things that are here:
a +0 short sword; a stone The dart slug briefly extends its eye-stalks.
The adder bites you.
Casting: Scorch (safe; 3% risk of failure)
Confirm with . or Enter, or press ? or * to list all spells.
Flames lash the adder.
The adder is severely wounded.
The adder's fire resistance burns away.
The adder closely misses you. The adder bites you.
* * * LOW HITPOINT WARNING * * *
Unknown command.
Casting: Scorch (safe; 3% risk of failure)
Confirm with . or Enter, or press ? or * to list all spells.
Flames lash the kobold.
You kill the kobold!
The adder closely misses you. The adder bites you.
* * * LOW HITPOINT WARNING * * *
You are lethally poisoned!
The adder poisons you!
* * * LOW HITPOINT WARNING * * *
You feel sick. The adder barely misses you.
* * * LOW HITPOINT WARNING * * *
You feel sick.
The adder is no longer more vulnerable to fire.
Casting: Scorch (safe; 3% risk of failure)
Confirm with . or Enter, or press ? or * to list all spells.
Flames lash the adder.
You kill the adder!
* * * LOW HITPOINT WARNING * * *
You feel sick.
You die...

#..# ). #..# ###!#
#. #..# .[. #.
#...#.# #. #.##.##
#. #.#..)#
#.##.##w#.[#
#......####.K)
####....@#..†.###.
#........####.#
....##.........# ..#
#.......####
#...........
####........
#..#....##
###########.##......
#...†#......# ###..


You could see a dart slug.

Vanquished Creatures
  4 adders
  A worm (D:2)
  2 dart slugs (D:2)
  5 endoplasms
  3 giant cockroaches
  A goblin (D:2)
  A hobgoblin (D:3)
  3 quokkas (D:1)
  2 ball pythons
  4 bats
  A frilled lizard (D:1)
  5 kobolds
  9 rats
41 creatures vanquished.

Vanquished Creatures (others)
  138 foxfires
138 creatures vanquished.

Grand Total: 179 creatures vanquished

Notes
Turn   | Place    | Note
-------+----------+-------------------------------------------
     0 | D:1      | bnorton916 the Deep Elf Fire Elementalist began the quest
                  | for the Orb.
     0 | D:1      | Reached XP level 1. HP: 10/10 MP: 6/6
   308 | D:1      | Reached XP level 2. HP: 15/15 MP: 1/8
  1202 | D:2      | Learned a level 2 spell: Scorch
  1204 | D:2      | Reached XP level 3. HP: 19/19 MP: 7/10
  2070 | D:3      | Reached XP level 4. HP: 24/24 MP: 10/12
  2151 | D:3      | HP: 1/24 [poisoned by an adder]
  2152 | D:3      | Succumbed to an adder's poison

Illustrated notes

Levels and vault maps discovered:
D:1:      heliophobic_arrival_glass_houses, layout_loops_ring
D:2:      layout_loops_ring
D:3:      layout_rooms, minmay_pentomino_pile

Skill      XL: |  1  2  3 |
---------------+----------+-----
Conjurations   | 2 |  2.7
Spellcasting   | 4 |  4.2
Fire Magic     | 4 |  4.1
Dodging        | |  2.4
Stealth        | |  2.4

Action                   |  1- 3 |  4- 6 || total
-------------------------+-------+-------++-------
 Cast: Foxfire           |    78 |     6 ||    84
       Scorch            |     5 |     5 ||    10
Armor: Robe              |     1 |     2 ||     3
Dodge: Dodged            |     4 |     8 ||    12
